 Dungeon Sprint DCSS version 0.24-a0-549-g45f0056 (webtiles) character file.

Game seed: 11222043609796161800

63 Faca the Cleaver (level 4, -8/39 HPs)
             Began as a Formicid Fighter on Aug 20, 2019.
             Was a Believer of the Shining One.
             Killed from afar by a deep elf mage (11 damage)
             ... with a shard of ice
             ... in the Dungeon (Sprint V: "Ziggurat Sprint").
             The game lasted 00:01:22 (277 turns).

Faca the Cleaver (Formicid Fighter)                  Turns: 277, Time: 00:01:23

Health: -8/39      AC: 16    Str: 33    XL:     4   Next: 31%
Magic:  4/4        EV:  7    Int:  8    God:    the Shining One [**....]
Gold:   0          SH: 13    Dex: 10    Spells: 3/3 levels left

rFire    . . .     SeeInvis +   a - +0 war axe
rCold    . . .     Gourm    .   o - +3 shield
rNeg     + . .     Faith    .   m - +5 storm dragon scales
rPois    .         Spirit   .   (helmet unavailable)
rElec    +         Reflect  .   (no cloak)
rCorr    .         Harm     .   (no gloves)
MR       .....                  (no boots)
Stlth    ..........             (no amulet)
HPRegen  0.13/turn              K - +6 ring of strength
MPRegen  0.09/turn              L - +6 ring of strength

@: glowing
A: permanent stasis, dig shafts and tunnels, four strong arms, antennae 3
a: Dig, Divine Shield, Renounce Religion


You were in the Dungeon.
You worshipped the Shining One.
The Shining One was pleased with you.
You were not hungry.

You visited 1 branch

Inventory:

Hand Weapons
 a - a +0 war axe (weapon)
 c - a +5 battleaxe
 p - a +5 broad axe
 q - a +5 executioner's axe
 M - the +7 great mace "Firestarter" {inner flame, rF++}
   (You found it in the Dungeon)

   It has been specially enchanted to burn those struck by it, causing extra
   injury to most foes and up to half again as much damage against particularly
   susceptible opponents.
   It greatly protects you from fire.
Armour
 l - +5 gold dragon scales
 m - +5 storm dragon scales (worn)
 n - a +3 large shield
 o - a +3 shield (worn)
Jewellery
 F - an uncursed ring of flight
 G - a +6 ring of dexterity
 H - a +6 ring of dexterity
 I - a +6 ring of intelligence
 J - a +6 ring of intelligence
 K - a +6 ring of strength (left hand)
 L - a +6 ring of strength (right hand)
Wands
 y - a wand of disintegration (7)
 D - a wand of iceblast (7)
 E - a wand of acid (7)
Scrolls
 k - 4 scrolls of blinking
 r - 4 scrolls of amnesia
 s - 7 scrolls of fog
 t - a scroll of holy word
 u - 5 scrolls of identify
 v - 5 scrolls of remove curse
 w - 2 scrolls of fear
Potions
 d - 6 potions of might
 e - 10 potions of curing
 g - 10 potions of heal wounds
 h - 6 potions of haste
 i - 7 potions of magic
 j - 3 potions of berserk rage
 x - 2 potions of brilliance
 z - 2 potions of invisibility
 A - 4 potions of resistance
 C - 5 potions of agility
Comestibles
 b - 2 chunks of flesh
 f - 7 rations


   Skills:
 + Level 5.4 Fighting
 + Level 8.7 Axes
 - Level 3.2 Armour
 - Level 3.6 Shields


You had 3 spell levels left.
You didn't know any spells.
Your spell library was empty.

Dungeon Overview and Level Annotations

Branches:
Dungeon (1/1)

Altars:
Ashenzari
Cheibriados
Dithmenos
Elyvilon
Fedhas
Gozag
Hepliaklqana
Kikubaaqudgha
Makhleb
Nemelex Xobeh
Okawaru
Qazlal
Ru
Sif Muna
Trog
Uskayaw
Vehumet
Wu Jian
Xom
Yredelemnul
Zin
The Shining One
Beogh
Jiyva
Lugonu

Annotations:
D 1 transporter


Innate Abilities, Weirdness & Mutations

You cannot be hasted, slowed, berserked, paralysed or teleported.
You can dig through walls and to a lower floor.
Your four strong arms can wield two-handed weapons with a shield.
You have a pair of large antennae on your head. (SInv)


Message History

The deep elf mage gestures at you while chanting.
The bolt of cold hits you.
The deep elf mage casts a spell.
You hit the deep elf mage.
The deep elf mage is lightly wounded.
You hit the ice beast but do no damage. You hit the deep elf mage.
The deep elf mage gestures at you while chanting.
The bolt of magma hits you!!
Ouch! That really hurt!
You block the ice beast's attack.
The deep elf mage points at you and mumbles some strange words.
The bolt of magma hits you!
* * * LOW HITPOINT WARNING * * *
You closely miss the deep elf mage.
The deep elf mage is lightly wounded.
You hit the ice beast but do no damage. You hit the deep elf mage.
You slash the deep elf mage!
The deep elf mage gestures at you while chanting.
The shard of ice hits you!
You die...

▓▓▓▓▓▓▓▓▓▓▓▓▓
▓.8©8.▓.8©8.▓
{{
▓.==}.▓.....▓
{
▓.....▓...[.▓
▓.Yee.▓..|).▓
▓..@e.▓.....▓
▓.....▓..©..▓
▓..©..▓▓▓▓▓▓▓
▓▓▓▓▓▓▓ {{
{{{ { { {


You could see 3 deep elf magi and an ice beast.

Vanquished Creatures
  2 orc priests (D)
2 creatures vanquished.

Notes
Turn   | Place    | Note
-------+----------+-------------------------------------------
     0 | D        | Faca the Formicid Fighter began the quest for the Orb.
     0 | D        | Reached XP level 1. HP: 18/18 MP: 1/1
     3 | D        | Found a blossoming altar of Fedhas.
     4 | D        | Found the +6 Majin-Bo {vamp, Archmagi MP+6 Int+6}
     4 | D        | Found the +7 great mace "Firestarter" {inner flame, rF++}
     5 | D        | Found a viscous altar of Jiyva.
     5 | D        | Found a hazy altar of Hepliaklqana.
     5 | D        | Found a transporter.
     5 | D        | Found an opulent altar of Gozag.
     5 | D        | Found an ancient bone altar of Kikubaaqudgha.
     5 | D        | Found a corrupted altar of Lugonu.
    21 | D        | Found a burning altar of Makhleb.
    22 | D        | Found a sacrificial altar of Ru.
    22 | D        | Found a stormy altar of Qazlal.
    22 | D        | Found a shimmering blue altar of Sif Muna.
    22 | D        | Found an iron altar of Okawaru.
    22 | D        | Found a bloodstained altar of Trog.
    22 | D        | Found a sparkling altar of Nemelex Xobeh.
    41 | D        | Found the +6 shillelagh "Devastator" {shatter}
    41 | D        | Found the +11 plutonium sword {*Contam Stlth-}
    41 | D        | Found the +8 lance "Wyrmbane" {slay drac, rPois rF+ rC+
                  | AC+3}
    41 | D        | Found the +9 sword of Zonguldrok {reap}
    41 | D        | Found the cursed +13 scythe of Curses {drain, *Curse}
    41 | D        | Found the +0 sword of Power
    41 | D        | Found the +7 mace of Variability {chain chaos}
    41 | D        | Found the +7 Singing Sword {slice, sonic wave}
    41 | D        | Found the +8 storm bow {elec, penet}
    48 | D        | Reached skill level 7 in Axes
    48 | D        | Reached XP level 2. HP: 24/24 MP: 2/2
    56 | D        | Became a worshipper of the Shining One
    80 | D        | Entered arena 2.
    80 | D        | Reached * piety under the Shining One
    80 | D        | Found a transporter.
    85 | D        | Reached skill level 8 in Axes
    85 | D        | Reached XP level 3. HP: 11/31 MP: 3/3
    86 | D        | Reached skill level 5 in Fighting
    86 | D        | Reached XP level 4. HP: 14/39 MP: 4/4
   273 | D        | Entered arena 3.
   273 | D        | Noticed a deep elf mage
   273 | D        | Reached ** piety under the Shining One
   273 | D        | Noticed a deep elf mage
   273 | D        | Noticed a deep elf mage
   273 | D        | Found a transporter.
   276 | D        | Noticed an ice beast
   277 | D        | Killed from afar by a deep elf mage

Levels and vault maps discovered:
D:        sprint_v [room_start, room_1, room_2, room_3, room_4, room_5, room_6,
          room_7, room_8, room_9, room_10, room_11, room_12, room_13, room_14,
          room_15, room_16, room_17, room_18, room_19, room_20, room_21,
          room_22, room_23, room_24, room_25, room_26, room_27]

Skill      XL: |  1  2  3 |
---------------+----------+-----
Axes           | 7 8 |  8.7
Fighting       | 4 5 |  5.4
Armour         | |  3.2
Shields        | |  3.6

Action                   |  1- 3 |  4- 6 || total
-------------------------+-------+-------++-------
Melee: War axe           |     5 |     2 ||     7
  Use: Potion            |     1 |       ||     1
Armor: Storm dragon scal |     2 |       ||     2
Dodge: Dodged            |     2 |       ||     2
Block: Shield            |     1 |     1 ||     2

Table legend:
 A = Non-vault XP
 B = Vault XP
 C = Vault XP percentage of total XP
 D = Non-vault monster count
 E = Vault monster count
 F = Vault count percentage of total count
                 A         B        C        D         E       F
            +---------+---------+-------+---------+---------+-------
      Total |       0 |      82 | 100.0 |       0 |       2 | 100.0
            +---------+---------+-------+---------+---------+-------
          D |       0 |      82 | 100.0 |       0 |       2 | 100.0
            +---------+---------+-------+---------+---------+-------
